 Dungeon Crawl Stone Soup version 0.18-a0-1443-ge8f1551 (webtiles) character file.

993 Kilingo the Digger (level 8, -1/45 HPs)
             Began as a Gargoyle Earth Elementalist on Feb 29, 2016.
             Was an Initiate of Nemelex Xobeh.
             Slain by a troll (3 damage)
             ... on level 5 of the Dungeon on Mar 1, 2016.
             The game lasted 02:08:26 (5359 turns).

Kilingo the Digger (Gargoyle Earth Elementalist)    Turns: 5359, Time: 02:08:27

Health: -1/45      AC: 17    Str: 21    XL:     8   Next: 19%
Magic:  11/23      EV: 12    Int: 16    God:    Nemelex Xobeh [......]
Gold:   191        SH:  2    Dex: 17    Spells: 4 memorised, 5 levels left

rFire  . . .     SeeInvis +       - Unarmed
rCold  . . .     Gourm    .     I - +3 ring mail "Ladael" {SInv}
rNeg   + . .     Faith    .     (no shield)
rPois  ∞         Spirit   .     B - +0 helmet
rElec  +         Dismiss  .     J - +0 cloak
rCorr  .         Reflect  +     o - +0 pair of gloves
SustAt .         Harm     .     (no boots)
MR     .....                    E - +2 amulet of reflection
Stlth  ++........               F - ring of Salvation {MP+9 Str+3}
                                t - +6 ring of dexterity

@: mighty, very slightly contaminated, not resistant to hostile enchantments,
unstealthy
A: negative energy resistance 1, electricity resistance, unbreathing,
petrification resistance, rot immunity, AC +5
a: Renounce Religion


You were on level 5 of the Dungeon.
You worshipped Nemelex Xobeh.
Nemelex Xobeh was noncommittal.
You were not hungry.

You visited 1 branch of the dungeon, and saw 5 of its levels.

You collected 263 gold pieces.

Inventory:

Hand Weapons
 j - a +0 hand axe of flaming
Missiles
 A - 2 tomahawks (quivered)
Armour
 a - a +0 plate armour
 l - a +0 scale mail
 o - a +0 pair of gloves (worn)
 y - a +0 buckler
 B - a +0 helmet (worn)
 I - the +3 ring mail "Ladael" (worn) {SInv}
   (You found it on level 5 of the Dungeon)

   It lets you see invisible.
 J - a +0 cloak (worn)
Jewellery
 s - an uncursed amulet of the gourmand
 t - a +6 ring of dexterity (left hand)
 v - an uncursed ring of stealth
 E - a +2 amulet of reflection (around neck)
 F - the ring of Salvation (right hand) {MP+9 Str+3}
   (You found it on level 5 of the Dungeon)

   [ring of magical power]

   It affects your strength (+3).
   It affects your magic capacity (+9).
Wands
 G - a wand of digging (11/24)
Scrolls
 k - a scroll of immolation
 m - 2 scrolls of teleportation
 p - 2 scrolls of remove curse
 q - a scroll of recharging
 u - a scroll of fear {unknown}
 w - 2 scrolls of amnesia {unknown}
 z - a scroll of enchant weapon {unknown}
 L - a scroll of magic mapping {unknown}
Potions
 i - a potion of lignification
 x - a potion of magic {unknown}
 C - a potion of invisibility {unknown}
 H - a potion of might {unknown}
Books
 c - a book of Geomancy

   Spells                             Type                      Level
   a - Sandblast                      Earth                        1
   b - Passwall                       Transmutation/Earth          2
   c - Stone Arrow                    Conjuration/Earth            3
   d - Petrify                        Transmutation/Earth          4
   e - Lee's Rapid Deconstruction     Earth                        5
Miscellaneous
 e - a plain deck of destruction {drawn: 1}
 D - a plain deck of changes {drawn: 3}
Comestibles
 d - 7 bread rations
 f - 2 slices of pizza
 g - 3 fruits
 h - 2 meat rations
 n - 2 royal jellies
 r - a beef jerky
 K - 3 chunks of flesh


   Skills:
 + Level 2.3 Fighting
 + Level 1.5 Throwing
 + Level 3.1 Armour
 + Level 2.9 Dodging
 - Level 2.4 Stealth
 + Level 1.8 Unarmed Combat
 + Level 4.0 Spellcasting
 + Level 4.0 Conjurations
 - Level 0.8 Transmutations
 + Level 5.6 Earth Magic
 * Level 1.4 Evocations


You had 5 spell levels left.
You knew the following spells:

 Your Spells              Type           Power        Failure   Level  Hunger
a - Sandblast             Erth           ###...       2%          1    None
b - Passwall              Trmt/Erth      ##........   12%         2    ##.....
c - Stone Arrow           Conj/Erth      ###...       14%         3    ###....
d - Petrify               Trmt/Erth      ##......     78%         4    ####...


Dungeon Overview and Level Annotations

Branches:
Dungeon (5/15)             Temple (0/1) D:5

Altars:
Ashenzari
Dithmenos
Elyvilon
Nemelex Xobeh
Qazlal
Sif Muna
Vehumet
Xom
Zin

Shops:
D:5 [

Annotations:
D:5 exclusion: statue


Innate Abilities, Weirdness & Mutations

You are resistant to torment.
Your stone body is resilient (AC +5).
You are immune to poison.
You resist negative energy.
You are resistant to electric shocks.
You can survive without breathing.
You are immune to petrification.
You are immune to rotting.


Message History

You hit the troll.
The troll is almost dead.
The troll bites you but does no damage. The troll claws you.
The troll claws you but does no damage.
You closely miss the troll.
The troll is almost dead.
The troll bites you!
* * * LOW HITPOINT WARNING * * *
The troll claws you.
* * * LOW HITPOINT WARNING * * *
The troll claws you but does no damage.
Drink which item? (? for menu, Esc to quit)
Okay, then.
Evoke which item? (* to show all) (? for menu, Esc to quit)
You draw a card...
It is the Shadow.
You feel stealthy.
You feel less stealthy. The troll bites you but does no damage.
The troll closely misses you. The troll claws you.
You die...
Your body disappears without a glow.

#.##.###.#._.#..####....>..#
....<....#...#.. ##.#####.#
#.###).#.#.8%#.. ..# #.# #.#
#..#.#...#. #.#.# #.# #.#
#..#.##### #.#.# #.# #.#
#..#.. .. #.#.# #.# #.#
#..#.T##. #.#.# #.# ..#
#.(#.##..#####.#.#####.# ...
$..(.......)@T.........##
###
#..###.....###.#.####...##
......#.# #.#.###.....##
####.(...###.#.##.......##
#..(..#........#...>.....#
#.#.#.#####..####.......##
#..# #.................##
#.#.#.#####.#######...##
#.##.# #.# #..##


You could see a troll.

Vanquished Creatures
  The ghost of Vahdor the Covered, an amateur MiFi of Okawaru (D:4)
  An ice beast (D:5)
  An ogre (D:4)
  2 scorpions
  A crimson imp (D:5)
  Crazy Yiuf (D:5)
  A hound (D:4)
  A centaur zombie (D:5)
  An orc priest (D:5)
  An iguana (D:5)
  5 orc wizards
  A hound zombie (D:4)
  7 adders
  2 oozes
  An adder zombie (D:5)
  3 worms
  A dart slug (D:5)
  8 giant geckos
  18 orcs
  4 giant cockroaches
  7 goblins
  8 hobgoblins
  5 jackals
  2 quokkas
  A ball python skeleton (D:4)
  8 bats
  A giant newt (D:2)
  3 kobolds
  8 rats
104 creatures vanquished.

Vanquished Creatures (others)
  A quokka (D:3)
1 creature vanquished.

Grand Total: 105 creatures vanquished

Notes
Turn   | Place    | Note
--------------------------------------------------------------
     0 | D:1      | Kilingo the Gargoyle Earth Elementalist began the quest for the Orb.
     0 | D:1      | Reached XP level 1. HP: 10/10 MP: 3/3
   458 | D:1      | Reached XP level 2. HP: 12/15 MP: 0/5
   472 | D:1      | Learned a level 2 spell: Passwall
  1146 | D:2      | Reached XP level 3. HP: 17/20 MP: 6/6
  1173 | D:2      | Learned a level 3 spell: Stone Arrow
  1607 | D:2      | Reached skill level 1 in Conjurations
  1727 | D:2      | Reached XP level 4. HP: 24/24 MP: 1/7
  1766 | D:2      | Found a deep blue altar of Sif Muna.
  1944 | D:3      | Found a shimmering altar of Xom.
  1944 | D:3      | Found a glowing silver altar of Zin.
  1944 | D:3      | Noticed an angel
  2016 | D:3      | Found a white marble altar of Elyvilon.
  2034 | D:3      | Reached skill level 4 in Earth Magic
  2260 | D:3      | Found a shattered altar of Ashenzari.
  2273 | D:3      | Reached skill level 1 in Fighting
  2848 | D:4      | Reached XP level 5. HP: 29/29 MP: 4/9
  3051 | D:4      | Reached skill level 1 in Unarmed Combat
  3528 | D:4      | Reached XP level 6. HP: 26/34 MP: 2/10
  3546 | D:4      | Noticed Vahdor's ghost (amateur MiFi)
  3567 | D:4      | Found a stormy altar of Qazlal.
  3795 | D:3      | Learned a level 4 spell: Petrify
  3827 | D:4      | HP: 1/51 [Vahdor's ghost (3)]
  3839 | D:4      | Killed Vahdor's ghost
  3839 | D:4      | Reached skill level 5 in Earth Magic
  3839 | D:4      | Reached XP level 7. HP: 27/40 MP: 1/12
  4016 | D:4      | Reached skill level 1 in Throwing
  4397 | D:5      | Entered Level 5 of the Dungeon
  4401 | D:5      | Noticed a troll
  4414 | D:5      | Found a sparkling altar of Nemelex Xobeh.
  4428 | D:5      | Found a shadowy altar of Dithmenos.
  4551 | D:5      | Found a radiant altar of Vehumet.
  4586 | D:5      | Got a wavering turquoise ring
  4634 | D:5      | Became a worshipper of Nemelex Xobeh the Trickster
  4673 | D:5      | Reached skill level 1 in Evocations
  4755 | D:5      | Noticed Crazy Yiuf
  4762 | D:5      | Killed Crazy Yiuf
  4762 | D:5      | Reached XP level 8. HP: 44/44 MP: 0/13
  4997 | D:5      | Got a fine ring mail
  5008 | D:5      | Identified the +3 ring mail "Ladael" {SInv} (You found it on level 5 of the Dungeon)
  5010 | D:5      | Identified the ring of Salvation {MP+9 Str+3} (You found it on level 5 of the Dungeon)
  5049 | D:5      | Received a gift from Nemelex Xobeh
  5069 | D:5      | Found a staircase to the Ecumenical Temple.
  5113 | D:5      | Found Ucono's Antique Armour Shop.
  5328 | D:5      | XOM: potion effect (might)
  5358 | D:5      | HP: 2/45 [troll (3)]
  5359 | D:5      | Slain by a troll

Vault maps used:
D:1:      lemuel_arrival_broad_hall, hangedman_abyss_or_decor_lesser_grid
D:2:      led_sif_pool, first_bread
D:3:      grunt_temple_overflow_order_and_chaos_1, elyvilon_altar_4,
          nicolae_ashenzari_panopticon
D:4:      lemuel_doored_altar, portal_sewer_entry_d
D:5:      vehumet_statue, grunt_dithmenos_smoke, nemelex_deck,
          minmay_temple_entry_fiery, serial_shops, shop, uniq_crazy_yiuf_cottage

Skill      XL: |  1  2  3  4  5  6  7  8 |
---------------+-------------------------+-----
Conjurations   | 1 2 3 4 |  4.0
Dodging        | 2 |  2.9
Earth Magic    | 4 5 |  5.6
Fighting       | 1 2 |  2.3
Unarmed Combat | 1 |  1.8
Spellcasting   | 3 4 |  4.0
Armour         | 2 3 |  3.1
Throwing       | 1 |  1.5
Evocations     | 1 |  1.4
Stealth        | |  2.4
Transmutations | |  0.8

Action                   |  1- 3 |  4- 6 |  7- 9 || total
-------------------------+-------+-------+-------++-------
Melee: Unarmed           |    43 |    77 |    56 ||   176
Throw: Stone             |    14 |     9 |     3 ||    26
       Tomahawk          |       |       |    15 ||    15
 Cast: Sandblast         |    37 |    78 |    52 ||   167
       Stone Arrow       |     2 |    12 |    21 ||    35
       Passwall          |       |     2 |       ||     2
Evoke: Deck              |       |       |     4 ||     4
  Use: Scroll            |     6 |     6 |     1 ||    13
       Potion            |       |     8 |     1 ||     9
 Stab: Sleeping          |     5 |       |       ||     5
  Eat: Chunk             |    16 |     6 |     1 ||    23
       Fruit             |       |     1 |     1 ||     2
